 Dungeon Crawl Stone Soup version 0.21-a0-229-g3587535 (webtiles) character file.

290 MirrMurr the Sneak (level 6, -5/28 HPs)
             Began as a Spriggan Enchanter on Sept 1, 2017.
             Slain by a gnoll
             ... wielding a +0 whip
              (9 damage)
             ... on level 4 of the Dungeon.
             The game lasted 00:12:38 (4331 turns).

MirrMurr the Sneak (Spriggan Enchanter)             Turns: 4331, Time: 00:12:39

Health: -5/28      AC:  4    Str:  4    XL:     6   Next: 9%
Magic:  2/15       EV: 17    Int: 19    God:
Gold:   251        SH:  5    Dex: 16    Spells: 7/16 levels left

rFire    . . .     SeeInvis +   a - +1 dagger
rCold    . . .     Gourm    .   f - +0 buckler
rNeg     . . .     Faith    .   m - +2 robe
rPois    .         Spirit   .   (helmet restricted)
rElec    .         Reflect  .   (no cloak)
rCorr    .         Harm     .   (gloves unavailable)
MR       +....                  (boots unavailable)
Stlth    +++.......             (no amulet)
HPRegen  0.09/turn              (no ring)
MPRegen  0.14/turn              (no ring)

@: very quick
A: unfitting armour, see invisible, herbivore 3, speed 3, slow metabolism 2
a: no special abilities


You were on level 4 of the Dungeon.
You were full.

You visited 1 branch of the dungeon, and saw 4 of its levels.

You collected 251 gold pieces.

Inventory:

Hand Weapons
 a - a +1 dagger (weapon)
 b - a +0 hunting sling
Missiles
 j - 28 sling bullets
 s - 26 stones (quivered)
 u - 11 poisoned needles
Armour
 f - a +0 buckler (worn)
 m - a +2 robe (worn)
Jewellery
 l - a cursed amulet of inaccuracy {unknown}
 p - an uncursed ring of see invisible {unknown}
Wands
 v - a wand of confusion (33/48)
 z - a wand of flame (14/48)
Scrolls
 g - a scroll of recharging
 h - a scroll of magic mapping
 k - 3 scrolls of identify
Potions
 e - 2 potions of curing
 i - a potion of heal wounds
 n - a potion of haste {unknown}
 o - 2 potions of cancellation
 q - 2 potions of degeneration {unknown}
 r - a potion of ambrosia {unknown}
 w - 2 potions of agility {unknown}
Books
 c - a book of Maledictions

   Spells                             Type                      Level
   a - Corona                         Hexes                        1
   b - Ensorcelled Hibernation        Hexes/Ice                    2
   c - Confuse                        Hexes                        3
   d - Tukima's Dance                 Hexes                        3
   e - Dazzling Spray                 Conjuration/Hexes            3
 y - a book of Callings

   Spells                             Type                      Level
   a - Summon Small Mammal            Summoning                    1
   b - Call Imp                       Summoning                    2
   c - Call Canine Familiar           Summoning                    3
   d - Summon Guardian Golem          Hexes/Summoning              3
   e - Summon Lightning Spire         Summoning/Air                4
   f - Summon Ice Beast               Ice/Summoning                4
Comestibles
 d - 2 bread rations
 x - a royal jelly


   Skills:
 - Level 1.1 Short Blades
 - Level 3.0 Dodging
 + Level 6.5 Stealth
 * Level 5.8 Spellcasting
 + Level 5.1 Hexes


You had 7 spell levels left.
You knew the following spells:

 Your Spells              Type           Power        Failure   Level  Hunger
a - Ensorcelled Hibernat  Hex/Ice        ###...       10%         2    None
b - Confuse               Hex            ####....     7%          3    ##.....
c - Tukima's Dance        Hex            ####....     7%          3    ##.....
C - Corona                Hex            ####...      2%          1    None


Dungeon Overview and Level Annotations

Branches:
Dungeon (4/15)
 Temple: D:4-7

Altars:


Innate Abilities, Weirdness & Mutations

You are very small and have problems with some larger weapons.
You are too small for most types of armour.
You have supernaturally acute eyesight. (SInv)
You are a herbivore.
You cover ground extremely quickly.
You need consume almost no food.


Message History

The gnoll is moderately wounded.
The hound misses you. The gnoll misses you. The hound misses you.
You barely miss the gnoll.
The gnoll is moderately wounded.
The hound closely misses you. The gnoll barely misses you.
You hit the gnoll but do no damage.
The gnoll is lightly wounded.
The hound closely misses you.
The gnoll hits you from afar with a spear!
* * * LOW HITPOINT WARNING * * *
You block the gnoll's attack.
You hit the gnoll but do no damage.
The gnoll is lightly wounded.
You block the hound's attack. The gnoll misses you.
The gnoll barely misses you. The hound closely misses you.
You hit the gnoll.
The gnoll is moderately wounded.
You block the hound's attack. You block the gnoll's attack.
The gnoll hits you with a whip!
You die...

,,,,,,,,,,,,#####
,,*********,*...*
*,* *,,...* #+##
***...* ...## *#.#*
....## ####.#
.....## ##.##.#
......####...#.#####
...$.gS)g......g@hS#
......####...#.###g#
.....## ##.##.# #.#
....## #g##.# #.#
...## #.##.# #S#
#+## #.##.# #.# #.#
#.##.# #.# #.#
#.##.###g# ..##
#..g.S...#


You could see a hound, 2 gnolls and an adder.

Vanquished Creatures
  A scorpion (D:4)
  A bullfrog skeleton (D:4)
  Ijyb (D:4)
  Natasha (twice) (D:2)
  A worker ant (D:4)
  2 gnolls (D:4)
  An adder (D:2)
  An ooze (D:1)
  4 worms
  4 dart slugs
  A leopard gecko (D:2)
  An orc (D:3)
  5 bats
  2 giant cockroaches
  4 goblins
  6 hobgoblins
  3 jackals (D:3)
  9 kobolds
  3 quokkas (D:4)
  3 frilled lizards (D:1)
  9 rats
64 creatures vanquished.

Notes
Turn   | Place    | Note
-------+----------+-------------------------------------------
     0 | D:1      | MirrMurr the Spriggan Enchanter began the quest for the Orb.
     0 | D:1      | Reached XP level 1. HP: 9/9 MP: 5/5
   464 | D:1      | Reached XP level 2. HP: 9/13 MP: 7/7
   468 | D:1      | Learned a level 2 spell: Ensorcelled Hibernation
  1154 | D:1      | Reached XP level 3. HP: 11/16 MP: 3/9
  1159 | D:1      | Learned a level 3 spell: Confuse
  1163 | D:1      | Learned a level 3 spell: Tukima's Dance
  1566 | D:2      | Reached skill level 5 in Stealth
  1739 | D:2      | Noticed Natasha
  1744 | D:2      | Killed Natasha
  1744 | D:2      | Reached XP level 4. HP: 21/21 MP: 11/11
  2026 | D:2      | Noticed Natasha
  2041 | D:2      | Killed Natasha
  3268 | D:3      | Reached XP level 5. HP: 24/24 MP: 13/13
  3389 | D:4      | Noticed a phantom
  3601 | D:4      | Reached skill level 6 in Stealth
  3601 | D:4      | Reached skill level 5 in Spellcasting
  3800 | D:4      | Noticed Ijyb
  3819 | D:4      | Killed Ijyb
  3871 | D:4      | Reached skill level 5 in Hexes
  3962 | D:4      | Reached XP level 6. HP: 22/28 MP: 10/15
  4331 | D:4      | Slain by a gnoll

Vault maps used:
D:1:      enne_arrival_octagon_isle, roderic_serpentine_path
D:2:      uniq_natasha
D:3:      minmay_misc_feat_tiny
D:4:      feat_on_display, uniq_ijyb

Skill      XL: |  1  2  3  4  5 |
---------------+----------------+-----
Spellcasting   | 3 4 5 |  5.8
Hexes          | 4 5 |  5.1
Stealth        | 5 6 |  6.5
Short Blades   | |  1.1
Dodging        | |  3.0

Action                   |  1- 3 |  4- 6 || total
-------------------------+-------+-------++-------
Melee: Dagger            |    97 |    70 ||   167
 Fire: Hunting sling     |     6 |    80 ||    86
 Cast: Corona            |    10 |       ||    10
       Ensorcelled Hiber |    10 |    25 ||    35
       Confuse           |       |    17 ||    17
  Use: Scroll            |     2 |    10 ||    12
 Stab: Sleeping          |    18 |    16 ||    34
       Confused          |       |     7 ||     7
  Eat: Fruit             |       |     1 ||     1
       Bread ration      |       |     1 ||     1
Armor: Robe              |    13 |     6 ||    19
Dodge: Dodged            |    71 |    62 ||   133
Block: Buckler           |       |    22 ||    22

Table legend:
 A = Spawn XP
 B = Non-spawn XP
 C = Spawn XP percentage of total XP
 D = Spawn monster count
 E = Non-spawn monster count
 F = Spawn count percentage of total count
 G = Total turns spent on level
                    A         B        C        D         E        F      G
               +---------+---------+-------+---------+---------+-------+---------
         Total |      29 |     386 |   7.0 |      13 |      51 |  20.3 |  4331
               +---------+---------+-------+---------+---------+-------+---------
           D:1 |      10 |      40 |  20.0 |       6 |      21 |  22.2 |  1517
           D:2 |       4 |     108 |   3.6 |       3 |      12 |  20.0 |   811
           D:3 |      15 |      19 |  44.1 |       4 |       9 |  30.8 |  1123
           D:4 |       0 |     219 |   0.0 |       0 |       9 |   0.0 |   880
               +---------+---------+-------+---------+---------+-------+---------
